AoeStats
← 涂山红红

Arena

510331435Analyzed
4v4 RM · 21h ago on Sep 30, 2026· 52m 38s· 8 players
Game mode
Random Map
Map size
Large (8 player)
Population
200
Speed
Normal
Resources
Standard
Victory
Conquest
Starting age
Dark Age
Ending age
Imperial Age
RankedLock teamsTeams togetherTeam positionsShared explorationLock speedFull tech treeHidden civsTurbo modeCheats
Victory
Defeat
🇨🇴 Inca · Colombia
998
+16
🇨🇳 Romans · China
973
+17
🇨🇦 Slavs · Canada
965
+17
🇨🇳 Britons · China
951
+18
🇹🇼 Byzantines · Taiwan
1021
-18
🇨🇳 Varangians · China
1019
-18
🇨🇳 Saxons · China
1008
-17
🇹🇷 Mongols · Türkiye
936
-15
Swordfish
0:30 Loom
12:28 Feudal Age
14:10 Horse Collar
17:20 Castle Age
15:39 Double-Bit Axe
17:11 Gold Mining
19:00 Wheelbarrow
20:11 Man-at-Arms
20:54 Scale Mail Armor
21:05 Forging
21:13 Long Swordsman
23:57 Chain Mail Armor
24:47 Pikeman
26:39 Hand Cart
26:10 Town Watch
28:43 Squires
34:09 Bloodlines
34:00 Husbandry
34:44 Detinets
35:01 Stone Mining
35:47 Gold Shaft Mining
38:14 Imperial Age
37:40 Ballistics
37:56 Scale Barding Armor
38:26 Iron Casting
39:19 Conscription
38:23 Elite Boyar
40:30 Chain Barding Armor
41:13 Blast Furnace
40:03 Capped Ram
41:28 Siege Ram
42:43 Bow Saw
42:35 Heavy Plow
43:46 Plate Barding Armor
43:43 Plate Mail Armor
43:04 Fletching
43:27 Murder Holes
44:24 Halberdier
45:43 Siege Engineers
46:39 Chemistry
涂山红红
0:35 Loom
10:52 Feudal Age
14:31 Castle Age
12:42 Double-Bit Axe
22:34 Wheelbarrow
22:20 Gold Mining
23:06 Horse Collar
25:09 Bow Saw
25:31 Hand Cart
25:31 Heavy Plow
26:47 Stone Mining
30:26 Imperial Age
28:22 Ballistics
27:55 Fletching
29:07 Gold Shaft Mining
28:40 Padded Archer Armor
28:39 Bodkin Arrow
29:39 Treadmill Crane
30:18 Leather Archer Armor
32:19 Two-Man Saw
32:10 Bracer
32:42 Ring Archer Armor
33:15 Chemistry
32:21 Siege Engineers
33:26 Conscription
32:26 Elite Longbowman
33:28 Yeomen
33:12 Warwolf
心焰
10:50 Feudal Age
11:32 Double-Bit Axe
11:41 Horse Collar
14:23 Castle Age
19:29 Heavy Plow
20:29 Wheelbarrow
22:15 Gold Mining
23:01 Bow Saw
23:17 Stone Mining
24:52 Gold Shaft Mining
25:42 Hand Cart
28:33 Imperial Age
28:39 Imperial Age
27:05 Forging
26:55 Scale Mail Armor
26:44 Loom
26:45 Town Watch
26:38 Man-at-Arms
26:38 Pikeman
27:18 Squires
28:21 Iron Casting
29:21 Chain Mail Armor
28:28 Long Swordsman
28:47 Halberdier
29:40 Ballistas
29:55 Conscription
28:59 Capped Ram
29:36 Heavy Scorpion
29:59 Legionary
31:17 Siege Engineers
32:27 Blast Furnace
33:05 Ballistics
33:43 Comitatenses
33:36 Scale Barding Armor
33:32 Padded Archer Armor
33:22 Fletching
34:52 Chemistry
34:21 Siege Ram
35:23 Fortified Wall
38:55 Chain Barding Armor
42:01 Light Cavalry
42:52 Bloodlines
43:17 Bodkin Arrow
43:38 Leather Archer Armor
43:58 Plate Barding Armor
43:22 Murder Holes
43:38 Masonry
45:47 Husbandry
45:08 Cavalier
45:17 Elite Skirmisher
50:37 Caravan
kavobi
11:30 Feudal Age
16:54 Castle Age
15:53 Double-Bit Axe
15:54 Horse Collar
19:05 Bow Saw
20:40 Loom
22:09 Heavy Plow
25:44 Wheelbarrow
25:48 Wheelbarrow
26:20 Stone Mining
26:23 Gold Mining
29:10 Gold Shaft Mining
29:10 Stone Shaft Mining
31:42 Imperial Age
29:29 Hand Cart
30:37 Town Watch
31:46 Elite Kamayuk
32:36 Fabric Shields
32:37 Andean Sling
32:58 Conscription
33:40 Crop Rotation
33:47 Squires
33:33 Arson
34:06 Forging
33:56 Scale Mail Armor
35:14 Town Patrol
36:08 Iron Casting
35:49 Chain Mail Armor
36:11 Thumb Ring
36:02 Fletching
36:12 Padded Archer Armor
37:34 Ballistics
38:14 Chemistry
37:22 Siege Engineers
38:22 Treadmill Crane
39:46 Blast Furnace
39:16 Plate Mail Armor
41:53 Bodkin Arrow
46:30 Murder Holes
46:45 Fortified Wall
49:25 Masonry
keinyoung
10:40 Feudal Age
12:38 Double-Bit Axe
15:23 Castle Age
13:15 Horse Collar
18:49 Stone Mining
21:19 Bow Saw
22:02 Heavy Plow
24:19 Wheelbarrow
24:11 Gold Mining
24:42 Scale Mail Armor
26:21 Hand Cart
27:05 Redemption
29:49 Imperial Age
28:22 Fletching
28:49 Chain Mail Armor
28:46 Crossbowman
30:25 Hand Cart
30:29 Thumb Ring
30:23 Bodkin Arrow
29:54 Man-at-Arms
30:19 Gambesons
31:17 Bracer
31:27 Forging
32:03 Gold Shaft Mining
31:40 Clerical Recruitment
33:24 Illumination
32:45 Long Swordsman
爺爺使把勁
10:23 Feudal Age
12:23 Loom
14:51 Castle Age
13:02 Horse Collar
14:17 Double-Bit Axe
16:25 Wheelbarrow
17:19 Heavy Plow
22:40 Stone Mining
22:40 Gold Mining
23:23 Bow Saw
25:14 Stone Shaft Mining
27:14 Hand Cart
28:03 Gold Shaft Mining
27:59 Forging
27:54 Scale Barding Armor
29:21 Iron Casting
32:03 Imperial Age
31:08 Chain Barding Armor
32:23 Elite Cataphract
33:14 Logistica
33:25 Conscription
33:42 Plate Barding Armor
34:52 Two-Man Saw
34:28 Crop Rotation
35:50 Chemistry
34:31 Treadmill Crane
37:11 Husbandry
36:33 Light Cavalry
39:13 Hussar
Baydoweyy
11:05 Feudal Age
12:28 Double-Bit Axe
16:08 Castle Age
14:35 Stone Mining
15:09 Gold Mining
15:11 Horse Collar
17:09 Bow Saw
22:45 Stone Shaft Mining
22:34 Heavy Plow
23:49 Gold Shaft Mining
24:33 Fletching
25:06 Ballistics
26:16 Thumb Ring
28:10 Husbandry
28:20 Bloodlines
28:08 Bodkin Arrow
29:22 Padded Archer Armor
29:27 Caravan
33:39 Imperial Age
32:59 Leather Archer Armor
35:19 Chemistry
34:47 Parthian Tactics
34:24 Bracer
34:52 Conscription
37:02 Elite Mangudai
40:57 Fortified Wall
deathlate
2:50 Loom
11:15 Feudal Age
12:16 Double-Bit Axe
16:32 Castle Age
14:42 Horse Collar
18:42 Bow Saw
22:58 Wheelbarrow
23:58 Heavy Plow
32:31 Imperial Age
30:21 Stone Mining
31:06 Hand Cart
31:04 Town Watch
34:52 Crop Rotation
35:38 Two-Man Saw
35:12 Bloodlines
35:39 Conscription
36:08 Scale Barding Armor
35:53 Fletching
35:56 Elite Jarl
36:40 Elite Skirmisher
37:23 Bodkin Arrow
37:43 Forging
37:34 Padded Archer Armor
37:59 Light Cavalry
38:42 Husbandry
39:23 Bracer
39:38 Leather Archer Armor
39:46 Chain Barding Armor
40:07 Iron Casting
40:49 Ballistics
40:40 Fortified Wall
41:31 Chemistry
40:12 Treadmill Crane
40:43 Masonry
41:44 Ring Archer Armor
41:51 Plate Barding Armor
40:54 Hussar
42:48 Stone Shaft Mining
42:07 Gold Mining
45:09 Blast Furnace
44:12 Scale Mail Armor
43:58 Vendel Legacy
45:17 Cavalier
46:07 Heavy Mounted Crossbowman
46:32 Cranequins
48:05 Chain Mail Armor
49:27 Architecture
Connection lost

Rejoining the realm…

Still unreachable

The connection could not be restored.

Session expired

The server has moved on; the page needs a fresh start.